 Dungeon Crawl Stone Soup version 0.30.1-11-g7821555f0a (webtiles) character file.

Game seed: 10507693412520556640

234 Peloso the Covered (level 5, 0/46 HPs)
             Began as a Minotaur Fighter on Dec 15, 2023.
             Slain by a lemure (7 damage)
             ... led by Pikel
             ... on level 4 of the Dungeon.
             The game lasted 00:04:43 (2666 turns).

Peloso the Covered (Minotaur Fighter)               Turns: 2666, Time: 00:04:44

Health: 0/46       AC: 12    Str: 20    XL:     5   Next: 75%
Magic:  4/4        EV:  6    Int:  5    God:
Gold:   196        SH:  5    Dex: 12    Spells: 4/4 levels left

rFire   . . .        a - +0 long sword
rCold   . . .        d - +0 buckler
rNeg    . . .        n - +0 plate armour
rPois   .            (helmet restricted)
rElec   .            (no cloak)
rCorr   .            (no gloves)
SInv    .            (no boots)
Will    .....        (no amulet) Stlth
                     (no ring)
HPRegen 0.27/turn    (no ring)
MPRegen 0.09/turn

%: no passive effects
@: no status effects
A: horns 2, retaliatory headbutt
a: no special abilities


You were on level 4 of the Dungeon.
You visited 1 branch of the dungeon, and saw 4 of its levels.

You collected 196 gold pieces.

Inventory:

Hand Weapons
 a - a +0 long sword (weapon)
Armour
 b - a +0 scale mail
 d - a +0 buckler (worn)
 n - a +0 plate armour (worn)
Magical Staves
 c - a staff of fire
Scrolls
 e - a scroll of fear {unknown}
 f - a scroll of identify
 h - 2 scrolls of magic mapping
 j - 2 scrolls of amnesia
 k - 2 scrolls of fog {unknown}
 m - a scroll of silence
 p - a scroll of acquirement {unknown}
 q - 2 scrolls of blinking {unknown}
 r - a scroll of teleportation {unknown}
Potions
 g - 2 potions of brilliance
 i - 2 potions of might
 l - 2 potions of heal wounds
 o - a potion of resistance


   Skills:
 + Level 4.0 Fighting
 + Level 4.2 Long Blades
 + Level 1.2 Staves
 + Level 5.7 Armour
 + Level 0.5 Dodging
 + Level 0.1 Stealth
 + Level 4.6 Shields


You had 4 spell levels left.
You didn't know any spells.
Your spell library contained the following spells:

 Spells                   Type           Power      Damage    Failure   Level
 Sandblast                Erth           0%         2d4       100%        1
 Passwall                 Tmut/Erth      0%         N/A       100%        2
 Poisonous Vapours        Pois/Air       0%         N/A       100%        2
 Mephitic Cloud           Conj/Pois/Air  0%         N/A       100%        3
 Stone Arrow              Conj/Erth      0%         3d7       100%        3
 Freezing Cloud           Conj/Ice/Air   0%         6-21      100%        5


Dungeon Overview and Level Annotations

Branches:
Dungeon (4/15)
 Temple: D:4-7

Altars:

Annotations:
D:4 Pikel


Innate Abilities, Weirdness & Mutations

You have a pair of horns on your head.
You reflexively headbutt those who attack you in melee.


Message History

A lemure comes into view.
The lemure shouts!
You hit Pikel but do no damage.
Pikel is lightly wounded.
You block Pikel's attack.
Unknown command.
You closely miss Pikel. You headbutt Pikel!
Pikel is moderately wounded.
Pikel hits you but does no damage.
Unknown command.
You hit Pikel but do no damage. You headbutt Pikel.
Pikel is moderately wounded.
Pikel hits you but does no damage.
Unknown command.
You closely miss Pikel.
Pikel is moderately wounded.
Pikel hits you but does no damage. Pikel barely misses you.
Unknown command.
You barely miss Pikel. Your headbutt misses Pikel.
Pikel is moderately wounded.
You block Pikel's attack.
Unknown command.
You miss Pikel. Your headbutt misses Pikel.
Pikel is moderately wounded.
Pikel hits you but does no damage. You block the lemure's attack.
Unknown command.
You completely miss Pikel. Your headbutt misses Pikel.
Pikel is moderately wounded.
The lemure hits you but does no damage. Pikel hits you but does no damage.
Unknown command.
You hit Pikel.
Pikel is heavily wounded.
Pikel hits you with a +2 whip of flaming.
Pikel burns you. The lemure hits you but does no damage.
Pikel hits you with a +2 whip of flaming!
* * * LOW HITPOINT WARNING * * *
Pikel burns you.
* * * LOW HITPOINT WARNING * * *
The lemure hits you!
You die...

#..#.# .....
..... .. ...
#.#.##.. ..#
#.......
##.####....#..
#<..........
##.####... .##
#.####5###.....
##(....@K55....
#####.###5.#.#
#.# # #.# #.#
#.# #.# #.#


You could see Pikel and 4 lemures.

Vanquished Creatures
  Jessica (D:3)
  Natasha (thrice) (D:3)
  4 adders (D:3)
  A worm (D:2)
  2 dart slugs
  4 orcs (D:3)
  6 ball pythons
  8 endoplasms
  2 giant cockroaches
  8 goblins
  10 hobgoblins
  6 jackals
  6 quokkas
  6 bats
  2 frilled lizards (D:1)
  6 kobolds
  8 rats
83 creatures vanquished.

Notes
Turn   | Place    | Note
-------+----------+-------------------------------------------
     0 | D:1      | Peloso the Minotaur Fighter began the quest for the Orb.
     0 | D:1      | Reached XP level 1. HP: 19/19 MP: 0/0
   146 | D:1      | Reached skill level 4 in Armour
   146 | D:1      | Reached XP level 2. HP: 24/27 MP: 1/1
   405 | D:1      | Reached XP level 3. HP: 33/33 MP: 2/2
   426 | D:1      | Found a faded altar of an unknown god.
  1806 | D:3      | Reached XP level 4. HP: 40/40 MP: 3/3
  2030 | D:3      | Noticed Natasha
  2037 | D:3      | Killed Natasha
  2147 | D:3      | Reached skill level 5 in Armour
  2148 | D:3      | Reached XP level 5. HP: 42/46 MP: 4/4
  2173 | D:3      | Reached skill level 1 in Staves
  2306 | D:3      | Noticed Jessica
  2310 | D:3      | Killed Jessica
  2354 | D:3      | Noticed Natasha
  2363 | D:3      | Killed Natasha
  2465 | D:3      | Noticed Natasha
  2479 | D:3      | Killed Natasha
  2645 | D:4      | Noticed a lemure
  2650 | D:4      | Noticed Pikel
  2651 | D:4      | Noticed a lemure
  2654 | D:4      | Noticed a lemure
  2658 | D:4      | Noticed a lemure
  2666 | D:4      | Slain by a lemure

Illustrated notes

Levels and vault maps discovered:
D:1:      minmay_arrival_four_circles, layout_basic,
          dilly_ecumenical_altar_fadedgnrine, minmay_heptomino_o4
D:2:      layout_basic, kennysheep_big_empty_room
D:3:      layout_basic, minmay_pentangle, uniq_jessica, uniq_natasha
D:4:      layout_basic, mainiacjoe_overflow_brackets, elyvilon_altar_4,
          chei_slow_surprise, minmay_temple_entry_poolview, minivault_19,
          minivault_27, chequers_serial_rivers_large_a,
          nicolae_nh_ransacked_shop, uniq_pikel

Skill      XL: |  1  2  3  4  5 |
---------------+----------------+-----
Armour         | 4 5 |  5.7
Shields        | 4 |  4.6
Fighting       | 4 |  4.0
Long Blades    | 3 4 |  4.2
Staves         | 1 |  1.2
Dodging        | |  0.5
Stealth        | |  0.1

Action                     |  1- 3 |  4- 6 || total
---------------------------+-------+-------++-------
  Melee: Long sword        |   103 |   119 ||   222
         Headbutt          |    16 |    25 ||    41
         Staff             |    26 |       ||    26
    Use: Scroll            |     5 |     2 ||     7
         Potion            |     3 |       ||     3
 Armour: Scale mail        |    46 |       ||    46
         Plate armour      |    17 |    76 ||    93
  Dodge: Dodged            |    54 |    21 ||    75
  Block: Buckler           |    24 |    35 ||    59
